 Dungeon Crawl Stone Soup version 0.27-a0-1358-ga0a28fc8c3 (webtiles) character file.

Game seed: 11077107169277837312

54 Delamore the Sneak (level 3, -3/25 HPs)
             Began as an Octopode Brigand on June 28, 2021.
             Splashed by Ijyb's acid (10 damage)
             ... on level 3 of the Dungeon.
             The game lasted 00:01:34 (1961 turns).

Delamore the Sneak (Octopode Brigand)               Turns: 1961, Time: 00:01:35

Health: -3/25      AC:  2    Str: 10    XL:     3   Next: 91%
Magic:  3/3        EV: 12    Int: 13    God:
Gold:   88         SH:  3    Dex: 14    Spells: 2/2 levels left

rFire    . . .     SeeInvis .   f - +1 short sword (protect)
rCold    . . .     Faith    .   h - +0 buckler
rNeg     . . .     Spirit   .   k - +1 hat
rPois    .         Reflect  .   (no amulet)
rElec    .         Harm     .   (no ring)
rCorr    .         Rampage  .   (no ring)
Will     .....                  (no ring)
Stlth    ++++......             (no ring)
HPRegen  0.08/turn              (no ring)
MPRegen  0.08/turn              (no ring)
                                (no ring)
                                (no ring)

@: no status effects
A: almost no armour, amphibious, 8 rings, camouflage 1, gelatinous body 1,
(nimble swimmer 1), tentacles
a: no special abilities


You were on level 3 of the Dungeon.
You visited 1 branch of the dungeon, and saw 3 of its levels.

You collected 88 gold pieces.

Inventory:

Hand Weapons
 a - a +2 dagger
 f - a +1 short sword of protection (weapon)
Missiles
 b - 8 poisoned darts (quivered)
 c - 2 curare-tipped darts
Armour
 h - a +0 buckler (worn)
 k - a +1 hat (worn)
Scrolls
 e - a scroll of fog {unknown}
 g - a scroll of amnesia {unknown}
 i - a scroll of teleportation {unknown}
 j - 2 scrolls of identify {unknown}
Potions
 d - a potion of attraction {unknown}


   Skills:
 + Level 2.8 Fighting
 + Level 2.7 Short Blades
 - Level 2.0 Throwing
 - Level 1.0 Dodging
 + Level 6.0 Stealth
 + Level 0.4 Shields


You had 2 spell levels left.
You didn't know any spells.
Your spell library contained the following spells:

 Spells                   Type           Power      Damage    Failure   Level
 Sandblast                Erth           0%         2d4       43%         1
 Passwall                 Tmut/Erth      0%         N/A       58%         2
 Stone Arrow              Conj/Erth      0%         3d7       82%         3
 Petrify                  Tmut/Erth      0%         N/A       99%         4
 Lee's Rapid Deconstruct  Erth           0%         3d5*      100%        5


Dungeon Overview and Level Annotations

Branches:
Dungeon (3/15)

Altars:

Shops:
D:3 *

Annotations:
D:3 Ijyb


Innate Abilities, Weirdness & Mutations

You cannot wear most types of armour.
You are amphibious.
You can wear up to eight rings at the same time.
Your skin changes colour to match your surroundings (Stealth+).
Your rubbery body absorbs attacks. (AC +1, EV +1)
((You are camouflaged near water. (Stealth+)))
You have tentacles for arms and can constrict up to eight enemies at once.


Message History

You drop a scroll labelled GAZXAY YNEMAO.
Search for what [? for help]?
Okay, then.
j - 2 scrolls labelled GAZXAY YNEMAO (gained 1) Search for what [? for help]? hat Key pressed, stopping travel.
There are no items here.
Okay, then.
There are no items here.
Okay, then.
Search for what [Enter for "hat", or ? for help]?
There is a stone staircase leading down here.
There is an open door here.
You see here a +1 hat.
k - a +1 hat You start putting on your armour.
You continue putting on your +1 hat. x4
You finish putting on your +1 hat.
Okay, then.
You start putting on your armour.
You continue putting on your +0 buckler. x4
You finish putting on your +0 buckler.
There is a stone staircase leading down here.
You climb downwards.
Found 14 stones and a mace.
There is a stone staircase leading up here.
You see here 14 stones.
Found Qij Icis's Assorted Antiques.
Found a stone staircase leading down.
An adder and Ijyb come into view.
Ijyb is wielding a +1 dagger of venom, wearing a +2 ring mail of fire resistance and carrying a wand of acid (11).
There is an entrance to Qij Icis's Assorted Antiques here.
There are monsters nearby!
The adder hisses angrily.
Ijyb shouts!
The adder bites you but does no damage.
Ijyb zaps a wand.
The bolt of acid hits you!!
Ouch! That really hurt!
* * * LOW HITPOINT WARNING * * *
You are splashed with acid!
You die...

############
##..........##
##.(>.........##
#....#.........#
#..............#
#..#.∩.#.......#
#..............#
#....#.........#
##......@..g..#
##.....S.$...##
##..#####.#####
.#####..### #.#
..........# #.#
###......)# #.#
..........## #..
###........####.###
#.......(<......#


You could see Ijyb and an adder.

Vanquished Creatures
  A dart slug (D:1)
  3 ball pythons
  4 endoplasms
  2 giant cockroaches (D:2)
  2 goblins (D:2)
  4 hobgoblins
  8 jackals (D:1)
  3 kobolds
  7 quokkas
  3 bats
  2 frilled lizards (D:2)
  3 rats
42 creatures vanquished.

Notes
Turn   | Place    | Note
-------+----------+-------------------------------------------
     0 | D:1      | Delamore the Octopode Brigand began the quest for the Orb.
     0 | D:1      | Reached XP level 1. HP: 14/14 MP: 1/1
    84 | D:1      | Reached XP level 2. HP: 19/19 MP: 2/2
   568 | D:1      | Reached XP level 3. HP: 22/25 MP: 3/3
  1384 | D:2      | Reached skill level 6 in Stealth
  1950 | D:3      | Found Qij Icis's Assorted Antiques.
  1957 | D:3      | Noticed Ijyb
  1961 | D:3      | Splashed by Ijyb's acid

Illustrated notes

Levels and vault maps discovered:
D:1:      dpeg_arrival_long_road, layout_basic
D:2:      layout_loops_corners
D:3:      layout_rooms, serial_shops, nicolae_shop_stone, uniq_ijyb,
          uniq_jessica

Skill      XL: |  1  2  3 |
---------------+----------+-----
Stealth        | 6 |  6.0
Fighting       | |  2.8
Short Blades   | |  2.7
Throwing       | |  2.0
Dodging        | |  1.0
Shields        | |  0.4

Action                   || total
-------------------------++-------
Melee: Dagger            ||    37
       Constrict         ||    15
       Tentacles         ||     7
       Short sword       ||    35
 Stab: Sleeping          ||    17
Armor: Skin              ||    11
Dodge: Dodged            ||    31

Table legend: (Time is in decaauts)
 A = Elapsed time spent in this place.
 B = Non-inter-level travel time spent in this place.
 C = Inter-level travel time spent in this place.
 D = Time resting spent in this place.
 E = Time spent auto-exploring this place.
 F = Levels seen in this place.
 G = Mean time per level.
                   A        B        C        D        E       F      G
               +--------+--------+--------+--------+--------+-----+--------+
         Total |   1954 |   1847 |    107 |      0 |   1602 |   3 |  651.3 |
       Dungeon |   1954 |   1847 |    107 |      0 |   1602 |   3 |  651.3 |
               +--------+--------+--------+--------+--------+-----+--------+

Top non-repeatable levels by time:
     D:2: 1012 daAuts
     D:1: 925 daAuts
     D:3: 16 daAuts
